 Dungeon Crawl Stone Soup version 0.30.1 (webtiles) character file.

Game seed: 1377226410286904522

25 DemonSlayer the Digger (level 2, -3/19 HPs)
             Began as a Demonspawn Earth Elementalist on July 2, 2023.
             Slain by a gnoll
             ... wielding a +0 club
              (7 damage)
             ... on level 2 of the Dungeon.
             The game lasted 00:01:36 (734 turns).

DemonSlayer the Digger (DsEE)                        Turns: 734, Time: 00:01:37

Health: -3/19      AC:  2    Str:  8    XL:     2   Next: 82%
Magic:  3/5        EV: 12    Int: 16    God:
Gold:   23         SH:  0    Dex: 13    Spells: 4/5 levels left

rFire   . . .        e - +0 dagger
rCold   . . .        (no shield)
rNeg    . . .        a - +0 robe
rPois   .            (no helmet)
rElec   .            (no cloak)
rCorr   .            (no gloves)
SInv    .            (no boots)
Will    .....        (no amulet)
Stlth   +            (no ring)
HPRegen 0.23/turn    (no ring)
MPRegen 0.09/turn

%: no passive effects
@: very slow
A: demonic touch 1
a: no special abilities


You were on level 2 of the Dungeon.
You visited 1 branch of the dungeon, and saw 2 of its levels.

You collected 23 gold pieces.

Inventory:

Hand Weapons
 e - a +0 dagger (weapon)
Armour
 a - a +0 robe (worn)
Scrolls
 c - 2 scrolls of identify {unknown}
 d - 4 scrolls of teleportation {unknown}
 f - a scroll of immolation {unknown}
 h - a scroll of enchant weapon {unknown}
Potions
 b - a potion of magic
 g - a potion of mutation {unknown}


   Skills:
 + Level 1.8 Dodging
 + Level 2.0 Stealth
 + Level 2.2 Spellcasting
 + Level 0.8 Transmutations
 + Level 3.4 Earth Magic


You had 4 spell levels left.
You knew the following spells:

 Your Spells              Type           Power      Damage    Failure   Level
a - Sandblast             Erth           24%        2d8       4%          1

Your spell library contained the following spells:

 Spells                   Type           Power      Damage    Failure   Level
 Passwall                 Tmut/Erth      6%         N/A       13%         2
 Stone Arrow              Conj/Erth      14%        3d7       30%         3
 Inner Flame              Hex/Fire       1%         N/A       52%         3
 Ozocubu's Armour         Ice            1%         N/A       52%         3
 Petrify                  Tmut/Erth      8%         N/A       63%         4
 Yara's Violent Unravell  Hex/Tmut       1%         3d3       99%         5
 Enfeeble                 Hex            0%         N/A       100%        7
 Ozocubu's Refrigeration  Ice            0%         4d7       100%        7


Dungeon Overview and Level Annotations

Branches:
Dungeon (2/15)

Altars:


Innate Abilities, Weirdness & Mutations

Your touch may inflict minor irresistible damage on your foes.


Message History

A hobgoblin is nearby!
The blast of sand hits the hobgoblin!
You kill the hobgoblin!
You can't see any susceptible monsters within range! (Use Z to cast anyway.)
You can't see any susceptible monsters within range! (Use Z to cast anyway.)
You can't see any susceptible monsters within range! (Use Z to cast anyway.)
You enter the shallow water.
Moving in this stuff is going to be slow.
A gnoll comes into view. It is wielding a +0 club.
A gnoll is nearby!
A gnoll is nearby!
A gnoll is nearby!
A worm comes into view.
Found a stone staircase leading down.
You can't see any susceptible monsters within range! (Use Z to cast anyway.)
Found a bubbling brown potion.
You can't see any susceptible monsters within range! (Use Z to cast anyway.)
You can't see any susceptible monsters within range! (Use Z to cast anyway.)
You miscast Sandblast.
You are very lightly contaminated with residual magic.
Nothing appears to happen.
The blast of sand hits the worm.
The worm is lightly wounded.
The gnoll shouts!
A bat comes into view.
The gnoll throws a throwing net.
The throwing net hits you.
You become entangled in the net!
You are held in a net!
You struggle against the net.
You struggle against the net.
The worm bites you but does no damage.
You struggle against the net.
The gnoll barely misses you.
You shred the net and break free! The worm bites you.
The gnoll hits you with a +0 club.
Your magical contamination has completely faded away.
The gnoll attacks as you move away! The gnoll hits you with a +0 club!
* * * LOW HITPOINT WARNING * * *
You enter the shallow water.
Moving in this stuff is going to be slow.
The gnoll attacks as you move away! The gnoll hits you with a +0 club!
You die...

##.......#.#
#.........# ##.......##
#.........# #### #.#.#
# ....# ### #.##.#
.....#####.# ####....#
#...~......####.~g.####
#.~..###.##...@..#
#.≈≈..........≈.......
#.#≈~.##+#####≈#######
#~.........#≈#
#≈.........#≈#
#~~........###
.#~≈.#..###.#
....~~.......#
#.#.~~~#..####.#


You could see a gnoll.

Vanquished Creatures
  A dart slug (D:1)
  2 endoplasms (D:1)
  A giant cockroach (D:1)
  2 goblins (D:1)
  4 hobgoblins
  4 kobolds (D:1)
  2 bats (D:1)
  2 frilled lizards (D:1)
  3 rats (D:1)
21 creatures vanquished.

Notes
Turn   | Place    | Note
-------+----------+-------------------------------------------
     0 | D:1      | DemonSlayer the Demonspawn Earth Elementalist began the
                  | quest for the Orb.
     0 | D:1      | Reached XP level 1. HP: 13/13 MP: 3/3
   130 | D:1      | Reached skill level 3 in Earth Magic
   150 | D:1      | Gained mutation: Your touch may inflict minor irresistible
                  | damage on your foes. [demonic ancestry]
   150 | D:1      | Reached XP level 2. HP: 19/19 MP: 1/5
   734 | D:2      | Slain by a gnoll

Illustrated notes

Levels and vault maps discovered:
D:1:      matt_arrival_los_fun, layout_basic, kennysheep_doodads,
          grunt_decor_arrowhead
D:2:      layout_basic, serial_shops, nicolae_lakefront_shop, serial_rivers,
          chequers_serial_rivers_small_a, chequers_serial_rivers_micro_b,
          chequers_serial_rivers_small_3, chequers_serial_rivers_small_3,
          chequers_serial_rivers_micro_b, chequers_serial_rivers_small_3,
          minivault_14, nrook_loot_triangle, st_stairs_4, amethyst_killhole,
          uniq_natasha

Skill      XL: |  1  2 |
---------------+-------+-----
Earth Magic    | 3 |  3.4
Stealth        | 2 |  2.0
Dodging        | |  1.8
Spellcasting   | |  2.2
Transmutations | |  0.8

Action                     || total
---------------------------++-------
  Melee: Dagger            ||     5
   Cast: Sandblast         ||    26
 Armour: Robe              ||     3
  Dodge: Dodged            ||     9
